 Dungeon Crawl Stone Soup version 0.25-a0-1073-gf4359a17dd (webtiles) character file.

Game seed: 16829794654664301664, levelgen mode: deterministic

477 Flugslaktarn the Chopper (level 6, -2/57 HPs)
             Began as a Deep Dwarf Fighter on May 14, 2020.
             Was an Initiate of Makhleb.
             Killed by divine providence
             ... invoked by an orc priest
              (12 damage)
             ... on level 4 of the Dungeon.
             The game lasted 00:01:24 (1710 turns).

Flugslaktarn the Chopper (Deep Dwarf Fighter)       Turns: 1710, Time: 00:01:24

Health: -2/57      AC:  8    Str: 21    XL:     6   Next: 85%
Magic:  5/5        EV:  7    Int:  9    God:    Makhleb [......]
Gold:   145        SH: 10    Dex: 12    Spells: 5/5 levels left

rFire    . . .     SeeInvis .   a - +0 war axe
rCold    . . .     Gourm    .   c - +0 kite shield
rNeg     . . .     Faith    .   b - +0 scale mail
rPois    .         Spirit   .   o - +0 helmet
rElec    .         Reflect  .   (no cloak)
rCorr    .         Harm     .   (no gloves)
MR       .....                  (no boots)
Stlth    ..........             (no amulet)
HPRegen  0.00/turn              (no ring)
MPRegen  0.09/turn              (no ring)

@: non-regenerating
A: damage resistance, heal wounds, sense surroundings 1, no regeneration
a: Heal Wounds, Renounce Religion


You were on level 4 of the Dungeon.
You worshipped Makhleb.
Makhleb was noncommittal.
You were hungry.

You visited 2 branches of the dungeon, and saw 5 of its levels.

You collected 145 gold pieces.

Inventory:

Hand Weapons
 a - a +0 war axe (weapon)
Armour
 b - a +0 scale mail (worn)
 c - a +0 kite shield (worn)
 o - a +0 helmet (worn)
   (You found it on level 3 of the Dungeon)
Wands
 r - a wand of paralysis (9)
   (You found it on level 3 of the Dungeon)
Scrolls
 f - a scroll of immolation {unknown}
 g - a scroll of remove curse {unknown}
 i - 3 scrolls of teleportation {unknown}
 l - a scroll of amnesia {unknown}
 m - 4 scrolls of enchant armour {unknown}
 n - 3 scrolls of identify {unknown}
 s - a scroll of noise {unknown}
 t - 2 scrolls of fear {unknown}
Potions
 d - a potion of might
 j - a potion of stabbing {unknown}
 k - 2 potions of resistance {unknown}
 p - 3 potions of heal wounds {unknown}
 q - 3 potions of curing {unknown}
Comestibles
 e - 8 rations


   Skills:
 + Level 3.9 Fighting
 * Level 5.3 Axes
 + Level 4.8 Armour
 + Level 4.7 Shields
 + Level 1.4 Invocations


You had 5 spell levels left.
You didn't know any spells.
Your spell library was empty.

Dungeon Overview and Level Annotations

Branches:
Dungeon (4/15)             Temple (1/1) D:4

Altars:
Ashenzari
Cheibriados
Dithmenos
Elyvilon
Fedhas
Hepliaklqana
Kikubaaqudgha
Makhleb
Vehumet
Wu Jian
Xom
The Shining One


Innate Abilities, Weirdness & Mutations

You are resistant to damage.
You can heal yourself by infusing magical energy.
You passively map a small area around you.
You do not regenerate.


Message History

You barely miss the orc priest.
The orc priest is severely wounded.
You miss something.
The orc priest invokes the aid of Beogh against you.
Beogh smites you!
* * * LOW HITPOINT WARNING * * *
Something hits you but does no damage.
You are too injured to fight recklessly!
You are too injured to fight recklessly!
You are too injured to fight recklessly!
You are too injured to fight recklessly!
You are too injured to fight recklessly!
You are too injured to fight recklessly!
You are too injured to fight recklessly!
You hit the orc priest but do no damage.
The orc priest is severely wounded.
Your shield prevents you from hitting something.
The orc priest calls down the wrath of Beogh upon you.
Beogh smites you!
You die...

, , .#.#...... ... ,
*#........##.... *
.#...............
#..%.............
................. ,
.#..............,. , *
......>){.....##..,* . *
, #...@†........ .##.
...../##o.....#Z##.,....
..##...#......#.... #..#
,## #..........#.....# ,
,...#........#.#.##... ,
,, , #.....#...#......##
##....#.....##.>... ,
*#........##......## * ,
#..#....#.....#.##...


You could see an orc priest.

Vanquished Creatures
  A phantom (D:4)
  A hound (D:4)
  A bullfrog zombie (D:4)
  An orc priest (D:4)
  A bullfrog skeleton (D:4)
  An iguana (D:4)
  2 orc wizards (D:4)
  4 gnolls (D:2)
  6 adders
  2 adder skeletons (D:4)
  4 worms
  4 leopard geckos
  8 orcs
  6 bats
  2 giant cockroaches
  5 goblins
  7 hobgoblins
  10 jackals
  8 kobolds
  5 quokkas
  3 ball pythons
  4 frilled lizards
  A rat (D:3)
87 creatures vanquished.

Notes
Turn   | Place    | Note
-------+----------+-------------------------------------------
     0 | D:1      | Flugslaktarn the Deep Dwarf Fighter began the quest for the
                  | Orb.
     0 | D:1      | Reached XP level 1. HP: 20/20 MP: 1/1
    66 | D:1      | Reached XP level 2. HP: 24/27 MP: 2/2
   154 | D:2      | Reached skill level 3 in Axes
   154 | D:2      | Reached XP level 3. HP: 17/34 MP: 3/3
   359 | D:2      | Reached XP level 4. HP: 14/42 MP: 4/4
   765 | D:3      | Found a shadowy altar of Dithmenos.
  1096 | D:3      | Reached skill level 4 in Axes
  1096 | D:3      | Reached XP level 5. HP: 46/49 MP: 3/3
  1350 | D:4      | Noticed a phantom
  1364 | D:4      | Killed a phantom
  1383 | D:4      | Found a staircase to the Ecumenical Temple.
  1385 | D:4      | Reached XP level 6. HP: 34/56 MP: 4/4
  1401 | Temple   | Entered the Ecumenical Temple
  1619 | Temple   | Became a worshipper of Makhleb the Destroyer
  1693 | D:4      | Reached skill level 5 in Axes
  1698 | D:4      | Reached skill level 1 in Invocations
  1710 | D:4      | Killed from afar by an orc priest

Illustrated notes

Levels and vault maps discovered:
D:1:      matt_arrival_grand_opening, layout_basic
D:2:      minmay_razor_zed, layout_rooms, kennysheep_cross_room
D:3:      wad_crossroads, layout_basic, marbit_many_paths
D:4:      layout_layer_cave, kennysheep_mini, minmay_temple_entry_ruins,
          first_ration, uniq_robin
Temple:   minmay_temple_curvy_loop

Skill      XL: |  1  2  3  4  5  6 |
---------------+-------------------+-----
Fighting       | 3 |  3.9
Axes           | 3 4 5 |  5.3
Armour         | 4 |  4.8
Shields        | 4 |  4.7
Invocations    | 1 |  1.4

Action                   |  1- 3 |  4- 6 || total
-------------------------+-------+-------++-------
Melee: War axe           |    70 |   232 ||   302
 Abil: Heal Wounds       |     1 |     4 ||     5
  Eat: Chunk             |       |     3 ||     3
Armor: Scale mail        |    32 |   145 ||   177
Dodge: Dodged            |    30 |    87 ||   117
Block: Kite shield       |    50 |   174 ||   224

Table legend:
 A = Non-vault XP
 B = Vault XP
 C = Vault XP percentage of total XP
 D = Non-vault monster count
 E = Vault monster count
 F = Vault count percentage of total count
                 A         B        C        D         E       F
            +---------+---------+-------+---------+---------+-------
      Total |     657 |      25 |   3.7 |      77 |      10 |  11.5
            +---------+---------+-------+---------+---------+-------
        D:1 |      16 |       0 |   0.0 |       8 |       0 |   0.0
        D:2 |      98 |      15 |  13.3 |      21 |       7 |  25.0
        D:3 |     100 |      10 |   9.1 |      27 |       3 |  10.0
        D:4 |     443 |       0 |   0.0 |      21 |       0 |   0.0
            +---------+---------+-------+---------+---------+-------
